 Dungeon Crawl Stone Soup version 0.16-a0-3946-g4f19e5c (webtiles) character file.

6493 Gorice the Spear-Bearer (level 10, -3/67 HPs)
             Began as a Demonspawn Wanderer on Feb 8, 2015.
             Was a Believer of Okawaru.
             Slain by a death yak (16 damage)
             ... on level 10 of the Dungeon on Feb 9, 2015.
             The game lasted 01:29:03 (11530 turns).

Gorice the Spear-Bearer (Demonspawn Wanderer)      Turns: 11530, Time: 01:29:03

Health: -3/67      AC: 21    Str: 14    XL:     10   Next: 68%
Magic:  0/16       EV: 12    Int: 17    God:    Okawaru [**....]
Gold:   167        SH:  3    Dex: 11    Spells: 0 memorised, 13 levels left

rFire  + . .     SeeInvis +     a - +1 trident (venom)
rCold  . . .     Clarity  .     u - +3 ring mail {rN+}
rNeg   + . .     SustAb   .     (no shield)
rPois  .         Gourm    .     o - +0 helmet
rElec  .         Spirit   +     Q - +1 cloak {MR+}
rCorr  .         Warding  .     K - +0 pair of gloves
rMut   .         Stasis   .     N - +0 pair of boots
MR     ++...                    v - amulet of guardian spirit
Stlth  +++.......               J - ring of see invisible
                                M - ring of protection from magic

@: heroism, very resistant to hostile enchantments, fairly stealthy
A: talons 2, large bone plates 2, demonic guardian 1, fire resistance 1
a: Heroism, Renounce Religion


You were on level 10 of the Dungeon.
You worshipped Okawaru.
Okawaru was pleased with you.
You were not hungry.

You visited 2 branches of the dungeon, and saw 11 of its levels.
You also visited: Ossuary.

You collected 453 gold pieces.
You spent 286 gold pieces at shops.

Inventory:

Hand weapons
 a - a +1 trident of venom (weapon)
   (You took it off an orc on level 9 of the Dungeon)
 b - a +1 arbalest of freezing
   (You found it on level 9 of the Dungeon)
 y - a +0 halberd
 A - a +2 trident of protection
   (You found it on level 8 of the Dungeon)
 B - a +0 blowgun
Missiles
 j - 13 javelins
 l - 2 poisoned javelins (quivered)
 E - 63 bolts
 F - 51 poisoned needles
 G - 2 tomahawks
 Z - 233 stones
Armour
 o - a +0 helmet (worn)
 u - a +3 ring mail of positive energy (worn)
   (You found it on level 3 of the Dungeon)
 K - a +0 pair of gloves (worn)
 N - a +0 pair of boots (worn)
 Q - a +1 cloak of magic resistance (worn)
   (You found it on level 7 of the Dungeon)
Rods
 D - a +0 rod of destruction (12/12) {!a}
   (You found it on level 9 of the Dungeon)
Jewellery
 v - an amulet of guardian spirit (around neck)
 H - an uncursed ring of teleportation
 J - a ring of see invisible (right hand)
 M - a ring of protection from magic (left hand)
Magical devices
 n - a wand of invisibility (4)
Scrolls
 e - 7 scrolls of teleportation {!r}
 p - a scroll of remove curse
 O - a scroll of fog
Potions
 c - 2 potions of haste {!q}
 f - a potion of heal wounds {!q}
 g - 7 potions of curing
 h - 2 potions of brilliance {!q}
 i - a potion of ambrosia {!q}
 k - 2 potions of invisibility {!q}
 q - a potion of might {!q}
 s - a potion of flight {unknown}
 t - a potion of decay {unknown}
 x - 2 potions of resistance {!q}
 z - 3 potions of agility {!q}
 C - a potion of cancellation {unknown}
 I - a potion of restore abilities {unknown}
 L - a potion of lignification {unknown}
Comestibles
 d - 9 bread rations {!e}
 m - 3 fruits
 r - 4 royal jellies
 w - 3 chunks of flesh
 P - a meat ration {!e}


   Skills:
 - Level 2.0(7.0) Fighting
 * Level 12.1(17.1) Polearms
 + Level 8.5(13.5) Armour
 - Level 2.0(7.0) Stealth
 - Level 2.2 Spellcasting
   Level 1.0 Earth Magic
 - Level 1.0 Evocations


You had 13 spell levels left.
You didn't know any spells.

Dungeon Overview and Level Annotations

Branches:
Dungeon (10/15)            Temple (1/1) D:7            Lair (0/8) D:10
    Orc: D:9-12

Altars:
Ashenzari
Cheibriados
Dithmenos
Elyvilon
Fedhas
Gozag
Kikubaaqudgha
Makhleb
Nemelex Xobeh
Okawaru
Qazlal
Ru
Sif Muna
Trog
Vehumet
Xom
Yredelemnul
Zin
The Shining One

Shops:
D:5 (   D:7 [

Annotations:
D:6 Fusha's ghost, experienced HaFi


Innate Abilities, Weirdness & Mutations

You have razor-sharp toenails.
You are mostly covered in large bone plates (AC +3, SH +3).
A weak demonic guardian rushes to your aid.
Your flesh is heat resistant.


Message History

Use which ability? (? or * to list)
Okay, then.
You hit the wyvern.
You kill the wyvern!
Okawaru accepts your kill. The death yak gores you.
You take 2 damage.
You see here a wyvern corpse.
You hit the death yak.
The death yak is severely wounded.
You hit the death yak but do no damage.
The death yak is severely wounded.
The death yak gores you but does no damage.
The death yak barely misses your quasit.
Found a glowing granite ring.
Attack whom?
Press: ? - help, Dir - move target cursor, f - death yak, p - yak
Aim: a death yak (almost dead, poisoned)
You could not reach far enough!
Your quasit bites the death yak but does no damage.
Your quasit claws the death yak but does no damage. x2
Attack whom?
Press: ? - help, Dir - move target cursor, f/p - death yak
Aim: a death yak (almost dead, poisoned)
You reach to attack!
You barely miss the death yak.
The death yak is almost dead.
The death yak gores your quasit!!
Your quasit dies!
Attack whom?
Press: ? - help, Dir - move target cursor, f/p - death yak
Aim: a death yak (almost dead, poisoned)
You reach to attack!
You hit the death yak but do no damage.
The death yak is almost dead.
You hit the death yak.
The death yak is almost dead.
You hit the death yak.
The death yak is almost dead.
The death yak gores you!
* * * LOW HITPOINT WARNING * * *
You take 12 damage.
Unknown command.
You hit the death yak but do no damage.
The death yak is almost dead.
The death yak barely misses you.
You barely miss the death yak.
The death yak is almost dead.
You hit the death yak but do no damage.
The death yak is almost dead.
The death yak gores you!!
You die...

# #.##Y# #....
###.##Y# #..###
....##5# #...
######.# #..#####
#.# #..<...#
#(#######..###.#
#.((((..†KY#
##########Y###.###..
#.@..=.....
#.######### #.. #.#
###


You could see a death yak, a yak and a kobold.

Vanquished Creatures
  Erolcha (D:8)
  Pikel (D:4)
  A wyvern (D:10)
  A deep elf mage (D:9)
  10 yaks
  2 orc wizards
  A hungry ghost (D:9)
  The ghost of timbw the Ruffian, an average CeVM of Ashenzari (D:8)
  Edmund (D:5)
  Menkaure (D:4)
  An orc warrior (D:9)
  A water moccasin (D:9)
  5 ogres
  3 sky beasts
  4 centaurs
  2 ice beasts
  2 big kobolds
  3 giant frogs
  4 killer bees (D:9)
  2 spriggan skeletons (D:9)
  2 electric eels (D:9)
  3 crimson imps
  2 hounds
  A giant frog zombie (D:6)
  A jelly (D:9)
  A giant frog skeleton (D:4)
  2 quasits
  An iguana (D:5)
  2 centaur skeletons (D:9)
  A gnoll shaman (D:9)
  3 worker ants
  A killer bee zombie (D:9)
  2 hound skeletons (D:4)
  3 mummies (Ossuary)
  2 worker ant zombies
  5 gnolls (D:9)
  8 adders
  4 shadow imps
  A giant mite (D:3)
  8 worms
  An adder zombie (D:6)
  4 adder skeletons
  5 giant geckos
  19 orcs
  11 bats
  2 bat skeletons (D:4)
  6 giant cockroaches
  A gnoll zombie (Ossuary)
  14 goblins
  15 hobgoblins
  13 jackals
  22 kobolds
  6 quokkas
  3 ball pythons
  3 giant gecko skeletons (D:4)
  7 giant newts
  2 giant spores
  2 gnoll skeletons (Ossuary)
  3 goblin skeletons (Ossuary)
  2 goblin zombies (Ossuary)
  A hobgoblin skeleton (Ossuary)
  2 hobgoblin zombies (Ossuary)
  4 kobold skeletons (Ossuary)
  2 kobold zombies (Ossuary)
  2 orc zombies (Ossuary)
  4 quokka zombies
  17 rats
  4 rat zombies (Ossuary)
  10 ballistomycetes
287 creatures vanquished.

Vanquished Creatures (collateral kills)
  A yak (D:9)
  A sky beast (D:8)
  A centaur (D:5)
  A big kobold (D:7)
  A scorpion (D:6)
  An adder (D:4)
  2 orcs
  3 kobolds
11 creatures vanquished.

Vanquished Creatures (others)
  2 slaves (D:4)
  9 crimson imps
  10 quasits
  An orc wizard (D:4)
  7 iron imps
  A hound skeleton (D:4)
  A mummy (Ossuary)
  An adder (D:4)
  9 white imps
  12 ufetubi
  2 gnoll zombies (Ossuary)
  2 giant spores
  2 gnoll skeletons (Ossuary)
  3 goblin skeletons (Ossuary)
  2 goblin zombies (Ossuary)
  A hobgoblin skeleton (Ossuary)
  2 hobgoblin zombies (Ossuary)
  2 kobold zombies (Ossuary)
  4 orc skeletons (Ossuary)
  2 orc zombies (Ossuary)
  A rat (D:4)
  5 rat skeletons (Ossuary)
  2 rat zombies (Ossuary)
  A plant (D:9)
84 creatures vanquished.

Grand Total: 382 creatures vanquished

Notes
Turn   | Place    | Note
--------------------------------------------------------------
     0 | D:1      | Gorice, the Demonspawn Wanderer, began the quest for the Orb.
     0 | D:1      | Gorice set off with: a +2 spear, 2 scrolls of teleportation {!r}, a +0 robe, a bread ration {!e}
     0 | D:1      | Reached XP level 1. HP: 16/16 MP: 3/3
   151 | D:1      | Gained mutation: A weak demonic guardian rushes to your aid. [demonic ancestry]
   151 | D:1      | Reached XP level 2. HP: 12/22 MP: 4/4
   207 | D:1      | Reached skill level 1 in Armour
   340 | D:1      | Reached skill level 3 in Polearms
   806 | D:2      | Gained mutation: You are partially covered in large bone plates (AC +2, SH +2). [demonic ancestry]
   806 | D:2      | Reached XP level 3. HP: 27/27 MP: 6/6
   813 | D:2      | Found a radiant altar of Vehumet.
  1000 | D:2      | HP: 8/27 [poisoned by an adder]
  1138 | D:2      | Reached skill level 2 in Stealth
  1233 | D:2      | Reached XP level 4. HP: 31/33 MP: 7/7
  2220 | D:3      | Reached skill level 4 in Polearms
  2722 | D:3      | Reached XP level 5. HP: 38/38 MP: 9/9
  3006 | D:4      | Reached skill level 2 in Armour
  3503 | D:4      | Noticed an ogre
  3516 | D:4      | Killed an ogre
  3516 | D:4      | Reached skill level 5 in Polearms
  3516 | D:4      | Gained mutation: You have sharp toenails. [demonic ancestry]
  3516 | D:4      | Reached XP level 6. HP: 44/44 MP: 10/10
  3549 | D:4      | Noticed Menkaure
  3569 | D:4      | HP: 10/44 [Menkaure/nerve-wracking pain (14)]
  3570 | D:4      | Killed Menkaure
  3570 | D:4      | Reached skill level 3 in Armour
  3759 | D:4      | Noticed an ogre
  3810 | D:4      | Killed an ogre
  3987 | D:4      | Noticed a slave
  4025 | D:4      | Noticed an ogre
  4055 | D:4      | Killed an ogre
  4055 | D:4      | Reached skill level 6 in Polearms
  4055 | D:4      | Gained mutation: You have razor-sharp toenails. [demonic ancestry]
  4055 | D:4      | Reached XP level 7. HP: 50/50 MP: 12/12
  4101 | D:4      | Noticed Pikel
  4101 | D:4      | Noticed a slave
  4101 | D:4      | Noticed a slave
  4106 | D:4      | Noticed a slave
  4127 | D:4      | Killed Pikel
  4127 | D:4      | Reached skill level 7 in Polearms
  4127 | D:4      | Reached skill level 4 in Armour
  4127 | D:4      | Gained mutation: Your flesh is heat resistant. [demonic ancestry]
  4127 | D:4      | Reached XP level 8. HP: 56/56 MP: 13/13
  4149 | D:4      | Killed a freed slave
  4162 | D:4      | Killed a freed slave
  4452 | D:5      | Entered Level 5 of the Dungeon
  4652 | D:5      | Reached skill level 5 in Armour
  4662 | D:5      | Found a sand-covered staircase.
  4668 | D:5      | Reached skill level 8 in Polearms
  4717 | Ossuary  | Entered an ossuary
  5261 | D:5      | Found Guer's Weapon Boutique.
  5280 | D:5      | Noticed Edmund
  5322 | D:5      | Killed Edmund
  6266 | D:6      | Noticed Fusha's ghost (experienced HaFi)
  6389 | D:7      | Found a staircase to the Ecumenical Temple.
  7037 | D:7      | HP: 16/56 [something (40)]
  7282 | D:7      | Reached skill level 9 in Polearms
  7572 | D:7      | Reached skill level 6 in Armour
  7572 | D:7      | Reached XP level 9. HP: 55/61 MP: 15/15
  7652 | D:7      | HP: 15/61 [yak (4)]
  7667 | D:7      | HP: 8/61 [yak (9)]
  7669 | D:7      | Reached skill level 10 in Polearms
  8087 | D:7      | Found Ycea's Antique Armour Shoppe.
  8115 | D:7      | Bought a glowing hat for 88 gold pieces
  8115 | D:7      | Bought a polished ring mail for 198 gold pieces
  8135 | D:7      | Identified the +3 ring mail "Strevi Nerch" {MP-9 Str+3 SInv} (You bought it in a shop on level 7 of the Dungeon)
  8337 | D:8      | Noticed timbw's ghost (average CeVM)
  8436 | Temple   | Entered the Ecumenical Temple
  8528 | Temple   | Upgraded the game from 0.16-a0-3943-gb4b81e6 to 0.16-a0-3946-g4f19e5c
  8534 | Temple   | Became a worshipper of Warmaster Okawaru
  8715 | D:8      | Killed timbw's ghost
  8852 | D:8      | Reached skill level 7 in Armour
  9015 | D:8      | Noticed Erolcha
  9023 | D:8      | HP: 11/61 [Erolcha/giant club (17)]
  9033 | D:8      | Killed Erolcha
  9033 | D:8      | Acquired Okawaru's first power
  9033 | D:8      | Gained mutation: You are mostly covered in large bone plates (AC +3, SH +3). [demonic ancestry]
  9033 | D:8      | Reached XP level 10. HP: 30/67 MP: 3/16
  9442 | D:9      | Reached skill level 11 in Polearms
 10031 | D:9      | Found a runed door.
 10324 | D:9      | Reached skill level 8 in Armour
 10342 | D:9      | HP: 20/67 [yak (9)]
 10587 | D:9      | Identified a +0 rod of destruction (12/12) (You found it on level 9 of the Dungeon)
 10982 | D:9      | Reached skill level 12 in Polearms
 11405 | D:10     | Entered Level 10 of the Dungeon
 11464 | D:10     | Found a staircase to the Lair.
 11464 | D:10     | Noticed a death yak
 11526 | D:10     | HP: 12/67 [death yak (12)]
 11530 | D:10     | Slain by a death yak

Action                   |  1- 3 |  4- 6 |  7- 9 | 10-12 || total
-------------------------+-------+-------+-------+-------++-------
Melee: Spear             |    78 |   184 |   687 |       ||   949
       Trident           |       |       |     6 |   326 ||   332
 Fire: Hunting sling     |    43 |    54 |    24 |     8 ||   129
       Blowgun           |       |    10 |    10 |    12 ||    32
       Arbalest          |       |       |       |    21 ||    21
Throw: Javelin           |       |       |     1 |    10 ||    11
Invok: Heroism           |       |       |       |     2 ||     2
 Abil: Evoke Teleportati |       |       |     1 |       ||     1
Evoke: Wand              |       |       |     5 |       ||     5
  Use: Scroll            |     4 |     9 |    10 |     2 ||    25
       Potion            |       |       |     1 |       ||     1
 Stab: Distracted        |       |       |     1 |     1 ||     2
  Eat: Chunk             |     1 |     9 |    15 |     7 ||    32
       Pizza             |       |       |     1 |     1 ||     2

Table legend:
 A = Turns spent in this place as a percentage of turns spent in the entire game.
 B = Non-inter-level travel turns spent in this place as a percentage of non-inter-level travel turns spent in the entire game.
 C = Inter-level travel turns spent in this place as a percentage of turns spent in this place.
 D = Turns resting spent in this place as a percentage of non-inter-level travel turns spent in this place.
 E = Turns spent auto-exploring this place as a percentage of non-inter-level travel turns spent in this place.
 F = Non-inter-level travel turns spent in this place divided by the number of levels of this place that you've seen.
                   A       B       C       D       E      F
               +-------+-------+-------+-------+-------+----------------------
         Total | 100.0 | 100.0 |   0.3 |   1.0 |   3.3 | 468.2
       Dungeon |  92.5 |  92.5 |   0.3 |   1.0 |   3.5 | 520.0
        Temple |   1.2 |   1.2 |   1.4 |   0.0 |   1.4 |  69.0
       Ossuary |   6.2 |   6.2 |   0.0 |   0.6 |   0.3 | 350.0
               +-------+-------+-------+-------+-------+----------------------

Vault maps used:
D:1:      minmay_arrival_five_plusses, minmay_surrounded
D:2:      lemuel_doored_altar, first_bread
D:3:      small_statue_intersection
D:4:      forest_paths, minmay_misc_feat_room, minmay_misc_feat_secret_circle,
          uniq_menkaure, uniq_pikel
D:5:      enter_ossuary_1, serial_shops, shop, kennysheep_boxes, uniq_edmund
D:7:      minmay_temple_entry_from_below_a, serial_shops, shop
D:8:      uniq_erolcha
D:9:      hangedman_tell_no_tales, serial_bayou_lake_a
D:10:     dpeg_lair_monsters, david_orc_3, yredelemnul_altar_generic
Temple:   kilobyte_greek_temple_18
Ossuary:  ossuary_due_pyramid
